Cogmind - Beta 13 @@@ ROGUE MODE // 2024.04.07 @ 19:43:13 Player: f_ Result: Destroyed by exploding Fusion Modulator Performance ------------- Evolutions (5) 2500 Regions Visited (7) 1400 Robots Destroyed (0) 0 Value Destroyed (0) 0 Prototype IDs (1) 20 Alien Tech Used (0) 0 Bonus (2487) 2487 TOTAL SCORE: 6407 Bonus ------- Pacifist 1987 Entered DSFs 500 Cogmind --------- Core Integrity 0/1000 Matter 115/300 Energy 92/100 System Corruption 3% Temperature Cool (38) Movement Flying (37) Location -5/Factory Parts ------- > --- POWER (2) -------- (None) > --- PROPULSION (4) --- Improved Flight Unit Nuclear Pulse Array > --- UTILITY (9) ------ (None) > --- WEAPON (2) ------- (None) > --- INVENTORY (5) ---- Advanced Signal Interpreter Improved System Shield Axe Peak State ------------ > --- POWER ------------ (None) > --- PROPULSION ------- Improved Flight Unit Nuclear Pulse Thruster Nuclear Pulse Array > --- UTILITY ---------- Advanced Weight Redist. System Visual Processing Unit Improved Utility Shielding > --- WEAPON ----------- Axe > --- INVENTORY -------- Improved Flight Unit Improved Flight Unit Advanced Signal Interpreter Hardlight Generator Mace [Rating: 32] Favorites ----------- Power Light Deuterium Engine Engine Light Deuterium Engine Power Core Light Nuclear Core Propulsion Improved Flight Unit Flight Unit Improved Flight Unit Utility Visual Processing Unit Device Advanced Weight Redist. System Processor Visual Processing Unit Protection Improved Utility Shielding Weapon Axe Slashing Weapon Axe Build | -11 -10 -9 -8 -7 -7 -6 -5 ------- Run | Yrd Mat Mat Mat Fac DSF Fac Fac Slots Evolved 10 | . . 2 2 2 . 2 2 Power 1 | . . . . . . 1 . Propulsion 2 | . . 2 . . . . . Utility 7 | . . . 2 2 . 1 2 Weapon . | . . . . . . . . Parts Attached 20 | . . 1 6 . . 2 11 Power 2 | . . . 1 . . . 1 Engine 1 | . . . 1 . . . . Core 1 | . . . . . . . 1 Reactor . | . . . . . . . . Propulsion 10 | . . . 3 . . . 7 Treads . | . . . . . . . . Leg . | . . . . . . . . Wheel . | . . . . . . . . Hover . | . . . . . . . . Flight 10 | . . . 3 . . . 7 Utility 7 | . . 1 2 . . 1 3 Device 4 | . . . . . . 1 3 Storage . | . . . . . . . . Processor 1 | . . 1 . . . . . Hackware . | . . . . . . . . Protection 2 | . . . 2 . . . . Artifact . | . . . . . . . . Weapon 1 | . . . . . . 1 . Energy Gun . | . . . . . . . . Energy Cannon . | . . . . . . . . Ballistic Gun . | . . . . . . . . Ballistic Cannon . | . . . . . . . . Launcher . | . . . . . . . . Special Weapon . | . . . . . . . . Impact Weapon . | . . . . . . . . Slashing Weapon 1 | . . . . . . 1 . Piercing Weapon . | . . . . . . . . Special Melee Weapon . | . . . . . . . . Unidentified Prototypes 1 | . . . 1 . . . . Parts Lost 12 | . . . . . . 1 11 Power 2 | . . . . . . 1 1 Propulsion 6 | . . . . . . . 6 Utility 4 | . . . . . . . 4 Weapon . | . . . . . . . . Highest Loss Streak 6 | . . . . . . 1 6 To Critical Strikes . | . . . . . . . . Average Slot Usage (%) 34 | . . 9 36 53 53 51 33 Engine 1 | . . . . 7 7 5 . Flight 12 | . . . 14 23 23 20 13 Device 2 | . . . . . . 4 5 Processor 6 | . . 9 9 7 7 6 4 Protection 8 | . . . 12 15 15 13 5 Naked Turns 71 | . 52 10 . . . . 9 Heaviest Build 11 | . . . 8 8 8 11 11 Greatest Support 33 | 3 3 3 15 10 10 15 33 Greatest Overweight (x) 1 | . . . . . . . 1 Average Overweight (x) . | . . . . . . . . Largest Inventory Capacity 5 | 5 5 5 5 5 5 5 5 Average Capacity 5 | 5 5 5 5 5 5 5 5 Most Carried 5 | . . . 3 3 3 4 5 Average Carried 2 | . . . 2 3 3 3 4 Final Capacity 5 | 5 5 5 5 5 5 5 5 Final Carried 3 | . . . 3 3 3 3 3 Class Distribution -------------------- 91% | Mutant 8% | Sprinter Dominant Class ---------------- Mutant | -10/Materials Mutant | -9/Materials Mutant | -8/Materials Mutant | -7/Factory Mutant | -7/DSF Mutant | -6/Factory Mutant | -5/Factory Resources | -11 -10 -9 -8 -7 -7 -6 -5 ----------- Run | Yrd Mat Mat Mat Fac DSF Fac Fac Matter Collected 157 | . . . . . . . 157 Remotely . | . . . . . . . . Salvage Created . | . . . . . . . . Parts . | . . . . . . . . Haulers Intercepted . | . . . . . . . . Recyclers Shooed . | . . . . . . . . Parts Field Recycled . | . . . . . . . . Retrieved Matter . | . . . . . . . . Parts Self-Destructed . | . . . . . . . . Prevented . | . . . . . . . . Kills | -11 -10 -9 -8 -7 -7 -6 -5 ------- Run | Yrd Mat Mat Mat Fac DSF Fac Fac Combat Hostiles Destroyed . | . . . . . . . . Classes Destroyed . | . . . . . . . . Best Kill Streak . | . . . . . . . . Combat Bots Only . | . . . . . . . . Max Kills in Single Turn . | . . . . . . . . Gunslinging . | . . . . . . . . Exploded . | . . . . . . . . Melee . | . . . . . . . . Uniques/NPCs Destroyed . | . . . . . . . . Combat | -11 -10 -9 -8 -7 -7 -6 -5 -------- Run | Yrd Mat Mat Mat Fac DSF Fac Fac Hostile Shots Fired 202 | . 16 26 12 . 4 27 117 Missed 112 | . 7 12 6 . 3 16 68 Damage Taken 2164 | . 149 138 87 . . 211 1579 Core 1482 | . 149 135 48 . . 61 1089 Absorbed by Shields . | . . . . . . . . Redirected to Shielding 175 | . . . 10 . . 36 129 Core Remaining (%) 81 | 100 40 66 91 . 100 92 . Volleys Fired . | . . . . . . . . Largest . | . . . . . . . . Hottest . | . . . . . . . . Shots Fired . | . . . . . . . . Gun . | . . . . . . . . Cannon . | . . . . . . . . Launcher . | . . . . . . . . Special . | . . . . . . . . Kinetic . | . . . . . . . . Thermal . | . . . . . . . . Explosive . | . . . . . . . . Electromagnetic . | . . . . . . . . Robot Hit Streak . | . . . . . . . . Robot Miss Streak . | . . . . . . . . Penetration Max . | . . . . . . . . Secondary Targets . | . . . . . . . . Shots Hit Robots . | . . . . . . . . Core Hits . | . . . . . . . . Critical Kills . | . . . . . . . . Critical Parts Destroyed . | . . . . . . . . Critical Strikes . | . . . . . . . . Melee Attacks 1 | . . . . . . 1 . Impact . | . . . . . . . . Slashing 1 | . . . . . . 1 . Piercing . | . . . . . . . . Sneak Attacks . | . . . . . . . . Combat Hostiles . | . . . . . . . . Follow-up Attacks . | . . . . . . . . Damage Inflicted 23 | . . 23 . . . . . Guns . | . . . . . . . . Cannons . | . . . . . . . . Explosions . | . . . . . . . . Melee . | . . . . . . . . Ramming 23 | . . 23 . . . . . Kinetic . | . . . . . . . . Thermal . | . . . . . . . . Explosive . | . . . . . . . . Electromagnetic . | . . . . . . . . Impact . | . . . . . . . . Slashing . | . . . . . . . . Piercing . | . . . . . . . . Highest Corruption 3 | . . . . . . . 3 Average Corruption 2 | . . . . . . . 2 Corruption Purged . | . . . . . . . . Corruption Blocked . | . . . . . . . . Effects 1 | . . . . . . . 1 Matter Fused 1 | . . . . . . . 1 Overload Shots . | . . . . . . . . Overflow Damage . | . . . . . . . . Projectiles . | . . . . . . . . Explosions . | . . . . . . . . Melee . | . . . . . . . . Knockbacks . | . . . . . . . . Impact . | . . . . . . . . Kinetic . | . . . . . . . . Secondary . | . . . . . . . . Self-Inflicted Damage 11 | . . 11 . . . . . Shots . | . . . . . . . . Rammed 3 | . . 3 . . . . . Targets Rammed 3 | . . 3 . . . . . Kicked . | . . . . . . . . Crushed . | . . . . . . . . Highest Temperature 2 | . 2 . . . . 2 . Average Temperature 2 | . 2 . . . . 2 . Received Heat Transfer 360 | . 78 18 54 . . 102 108 Siege Activations . | . . . . . . . . Robots Corrupted . | . . . . . . . . Combat Hostiles . | . . . . . . . . Parts Fried . | . . . . . . . . Impact Corruptions . | . . . . . . . . Robots Melted . | . . . . . . . . Combat Hostiles . | . . . . . . . . Parts Melted . | . . . . . . . . Heat Transferred . | . . . . . . . . Parts Sabotaged . | . . . . . . . . Parts Stolen . | . . . . . . . . Parts Stripped . | . . . . . . . . Power Chain Reactions . | . . . . . . . . Alert | -11 -10 -9 -8 -7 -7 -6 -5 ------- Run | Yrd Mat Mat Mat Fac DSF Fac Fac Peak Influence 755 | . 39 80 104 53 37 326 755 Initial 154 | . . 16 46 53 37 18 154 Average 200 | . 11 52 55 53 37 144 480 Maximum Alert Level 3 | . . . . . . 1 3 Low Security (%) 68 | 100 100 100 100 100 100 66 23 Level 1 13 | . . . . . . 33 15 Level 2 13 | . . . . . . . 44 Level 3 4 | . . . . . . . 15 Level 4 . | . . . . . . . . Level 5 . | . . . . . . . . High Security . | . . . . . . . . Max Security . | . . . . . . . . Squads Dispatched 16 | . 2 1 4 . . 3 6 Investigation 13 | . 1 1 3 . . 2 6 Extermination . | . . . . . . . . Reinforcement 3 | . 1 . 1 . . 1 . Assault . | . . . . . . . . Garrison . | . . . . . . . . Intercept . | . . . . . . . . Searches Triggered . | . . . . . . . . Construction Impeded . | . . . . . . . . Haulers Reinforced . | . . . . . . . . Active Scanning Responses . | . . . . . . . . Cargo Convoy Interrupts . | . . . . . . . . Stealth | -11 -10 -9 -8 -7 -7 -6 -5 --------- Run | Yrd Mat Mat Mat Fac DSF Fac Fac Distress Signals 6 | . 1 . 1 . . 1 3 Communications Jammed . | . . . . . . . . Distress Signals . | . . . . . . . . Times Spotted 99 | . 9 7 8 . 1 21 53 Peak Tracking Total 17 | . 9 6 7 . 1 12 17 Tactical Retreats 14 | . . 1 1 . . 5 7 Traps | -11 -10 -9 -8 -7 -7 -6 -5 ------- Run | Yrd Mat Mat Mat Fac DSF Fac Fac Traps Triggered 3 | . 1 . . . . . 2 Indirectly . | . . . . . . . . Trap Hack Attempts . | . . . . . . . . Triggered . | . . . . . . . . Disarmed . | . . . . . . . . Reprogrammed . | . . . . . . . . Reused . | . . . . . . . . Traps Extracted . | . . . . . . . . Installed . | . . . . . . . . Triggered 2 | . . . . . . . 2 Machines | -11 -10 -9 -8 -7 -7 -6 -5 ---------- Run | Yrd Mat Mat Mat Fac DSF Fac Fac Machines Disabled . | . . . . . . . . Max in Single Turn . | . . . . . . . . Machines Repaired . | . . . . . . . . Machines Dismantled . | . . . . . . . . Machines Sabotaged . | . . . . . . . . Overloaded Fab Kills . | . . . . . . . . Hacking | -11 -10 -9 -8 -7 -7 -6 -5 --------- Run | Yrd Mat Mat Mat Fac DSF Fac Fac Machines Accessed 24 | . 3 2 6 1 . 6 6 Terminals 24 | . 3 2 6 1 . 6 6 Fabricators . | . . . . . . . . Repair Stations . | . . . . . . . . Recycling Units . | . . . . . . . . Scanalyzers . | . . . . . . . . Garrison Access . | . . . . . . . . Total Hacks 68 | . 13 5 20 1 . 12 17 Successful 20 | . 3 3 5 1 . 5 3 Failed 48 | . 10 2 15 . . 7 14 Catastrophic 13 | . 2 1 4 . . 2 4 Database Lockouts . | . . . . . . . . Manual 59 | . 13 5 19 . . 5 17 Terminals 68 | . 13 5 20 1 . 12 17 Fabricators . | . . . . . . . . Repair Stations . | . . . . . . . . Recycling Units . | . . . . . . . . Scanalyzers . | . . . . . . . . Garrison Access . | . . . . . . . . Terminal Hacks 12 | . 1 2 3 1 . 4 1 Open DSF 3 | . . . . 1 . 2 . Level Access Points 3 | . . 1 1 . . 1 . Terminal Index 5 | . 1 1 1 . . 1 1 Alert Level 1 | . . . 1 . . . . Fabricator Hacks . | . . . . . . . . Repair Station Hacks . | . . . . . . . . Recycling Unit Hacks . | . . . . . . . . Scanalyzer . | . . . . . . . . Garrison Access Hacks . | . . . . . . . . Unauthorized Hacks 8 | . 2 1 2 . . 1 2 Terminals 8 | . 2 1 2 . . 1 2 Assimilate 2 | . . . 1 . . 1 . Botnet 6 | . 2 1 1 . . . 2 Fabricators . | . . . . . . . . Repair Stations . | . . . . . . . . Recycling Units . | . . . . . . . . Scanalyzers . | . . . . . . . . Garrison Access . | . . . . . . . . Data Cores Recovered . | . . . . . . . . Used . | . . . . . . . . Hacking Detections 20 | . 3 1 6 . . 4 6 Full Trace Events 14 | . 2 1 3 . . 2 6 Feedback Events . | . . . . . . . . Feedback Blocked . | . . . . . . . . Robot Schematics Acquired . | . . . . . . . . Robots Built . | . . . . . . . . Authchips . | . . . . . . . . Time . | . . . . . . . . Total Robot Build Rating . | . . . . . . . . Part Schematics Acquired . | . . . . . . . . Parts Built . | . . . . . . . . Authchips . | . . . . . . . . Time . | . . . . . . . . Total Part Build Rating . | . . . . . . . . Parts Repaired . | . . . . . . . . Time . | . . . . . . . . Parts Recycled . | . . . . . . . . Recycled Matter . | . . . . . . . . Retrieved Matter . | . . . . . . . . Retrieved Components . | . . . . . . . . Parts Scanalyzed . | . . . . . . . . Part Schematics Acquired . | . . . . . . . . Parts Damaged . | . . . . . . . . Bothacking | -11 -10 -9 -8 -7 -7 -6 -5 ------------ Run | Yrd Mat Mat Mat Fac DSF Fac Fac Used RIF Installer . | . . . . . . . . Robots Hacked . | . . . . . . . . Non-combat . | . . . . . . . . Combat . | . . . . . . . . Robot Hacks Applied . | . . . . . . . . Relay Couplers Released . | . . . . . . . . Fabnet Peak Effective % . | . . . . . . . . Robots Rewired . | . . . . . . . . Allies Hacked . | . . . . . . . . Hacks Repelled . | . . . . . . . . Allies | -11 -10 -9 -8 -7 -7 -6 -5 -------- Run | Yrd Mat Mat Mat Fac DSF Fac Fac Total Allies 2 | . . . 1 . . 1 . Largest Group 1 | . . . 1 . . 1 . Highest-Rated Group 26 | . . . 10 . . 26 . Highest-Rated Ally 26 | . . . 10 . . 26 . Total Orders . | . . . . . . . . Ally Attacks . | . . . . . . . . Total Damage . | . . . . . . . . Kills . | . . . . . . . . Allies Corrupted . | . . . . . . . . Allies Melted . | . . . . . . . . Intel | -11 -10 -9 -8 -7 -7 -6 -5 ------- Run | Yrd Mat Mat Mat Fac DSF Fac Fac Robot Analysis Total . | . . . . . . . . Derelict Logs Recovered . | . . . . . . . . Drone Launches . | . . . . . . . . Drone Recoveries . | . . . . . . . . Exploration | -11 -10 -9 -8 -7 -7 -6 -5 ------------- Run | Yrd Mat Mat Mat Fac DSF Fac Fac Turns Passed 728 | 9 52 95 151 2 23 177 219 Spaces Moved 1735 | 18 103 181 333 5 62 481 552 Core 444 | 18 103 181 123 . . . 19 Treads . | . . . . . . . . Legs . | . . . . . . . . Wheels . | . . . . . . . . Hover . | . . . . . . . . Flight 1291 | . . . 210 5 62 481 533 Fastest Speed 32 | 50 50 50 34 37 37 34 32 Average Speed 39 | 50 50 50 41 37 37 34 35 Slowest Speed 110 | 50 50 50 50 37 37 37 110 Overloaded Moves . | . . . . . . . . Propulsion Burnouts . | . . . . . . . . Robots Hopped 26 | . . . 3 . 1 16 6 Cave-ins Triggered . | . . . . . . . . Exploration Rate (%) 28 | 4 33 24 32 . 69 16 23 Regions Visited 7 Branch Regions . Pre-discovered Areas . | . . . . . . . . Known Exits Taken 4 | . . 1 1 1 . 1 . Unknown Exits Taken 2 | 1 1 . . . . . . Scrap Searched . | . . . . . . . . Spaces Dug 1 | . . . . . . 1 . Terrain Destroyed 1 | . . . . . . 1 . Melee 1 | . . . . . . 1 . Projectile . | . . . . . . . . AOE . | . . . . . . . . Terrain Rammed . | . . . . . . . . Walls Destroyed . | . . . . . . . . Machines Disabled . | . . . . . . . . Actions | -11 -10 -9 -8 -7 -7 -6 -5 --------- Run | Yrd Mat Mat Mat Fac DSF Fac Fac Total 1741 | 17 102 184 338 4 60 470 566 Wait 3 | . . . . . . 2 1 Move 1677 | 17 102 180 326 4 59 449 540 Hop 25 | . . . 3 . 1 15 6 Pick Up 7 | . . . 3 . . 1 3 Fast Attach 17 | . . 1 6 . . 1 9 Attach 3 | . . . . . . 1 2 Detach 2 | . . . . . . . 2 Swap . | . . . . . . . . Drop 3 | . . . . . . . 3 Fire . | . . . . . . . . Melee 1 | . . . . . . 1 . Ram 3 | . . 3 . . . . . Kick . | . . . . . . . . Crush . | . . . . . . . . Escape Stasis . | . . . . . . . . Rewire . | . . . . . . . . Trap . | . . . . . . . . Miscellaneous . | . . . . . . . . Route ------- -11/Scrapyard -10/Materials -9/Materials (discovered 3 exits: *Mat x3) -8/Materials (discovered 3 exits: *Fac x3) -7/Factory -7/DSF -6/Factory (discovered 4 exits: *Fac x4) -5/Factory History --------- Turn | Location | Event 3 | -11/Scrapyard | Discovered new exit (range 15) 10 | -11/Scrapyard | Entered Materials 54 | -10/Materials | Discovered new exit (range 16) 58 | -10/Materials | Core integrity fell below 50% 62 | -10/Materials | Entered another Materials area 62 | -9/Materials | Evolved 2 slots: Propulsion x2 129 | -9/Materials | Identified exit to Materials 157 | -9/Materials | Entered another Materials area 157 | -8/Materials | Evolved 2 slots: Utility x2 271 | -8/Materials | Identified exit to Factory 308 | -8/Materials | Entered Factory 308 | -7/Factory | Evolved 2 slots: Utility x2 310 | -7/Factory | Identified exit to DSF 310 | -7/Factory | Entered DSF 325 | -7/DSF | Build established: Mutant 328 | -7/DSF | Discovered new exit (range 14) 331 | -7/DSF | Additional patrols routed to DSF 333 | -7/DSF | Entered Factory 333 | -6/Factory | Evolved 2 slots: Power x1, Utility x1 468 | -6/Factory | Identified exit to Factory 510 | -6/Factory | Entered another Factory area 510 | -5/Factory | Evolved 2 slots: Utility x2 605 | -5/Factory | Lost 4 parts (1p2n1u) 699 | -5/Factory | Core integrity fell below 50% 729 | -5/Factory | Lost 6 parts (3n3u) 729 | -5/Factory | Destroyed by exploding Fusion Modulator Last Messages --------------- 00698_ ALERT: Suspicious activity at Terminal F006. Dispatching Investigation squad. 00698_ Fusion Modulator explodes. 00698_ Imp. Utility Shielding destroyed. 00698_ Reaction Control System destroyed. 00698_ VTOL Module destroyed. 00698_ Terminal disabled. 00698_ Slug penetrates S-27 Virus. 00698_ S-27 Virus destroyed. 00701_ Slug penetrates Wall. 00703_ Penetrated by Slug. 00706_ Slug penetrates Wall. 00715_ Door malfunctions. 00723_ Acquired Nuclear Pulse Array. 00726_ Connecting with Terminal... 00726_ ALERT: Suspicious activity at Terminal F008. Dispatching Investigation squad. 00729_ Fusion Modulator explodes. 00729_ P-70 Sage destroyed. 00729_ Fusion Modulator explodes. Map ----- +----------------------------------------------------+ | ##############??????????????????????????? | | # #??????????????????????????? | | # #??????????????????????????? | | #### # #??????????????????????????? | | ???# # #??????????????????????????? | | ???# # #??????????????????????????? | | ???# # #??????????????????????????? | | ???# / #??????????????????????????? | | ???# # #??????????????????????????? | | ???# # #######????????????????????? | | ???## ## / ?????????????????????? | | ????# ## #??????????????????????????? | | ????# ## #??????????????????????????? | | ????# ?############+#??????????????????????????? | | ????# ????????????# #??????????????????????????? | | ????# ????????????# #??????????????????????????? | | ????# ??########### ################ ??????????? | | ????# ?????????? | | ???? ?????????? | | ????# p ?????????? | | ????###?##+#########;;;;;;;;;###### #????????????? | | ??????????????????## p #????????????????? | | ??????????????????#; % #????????????????? | | ??????????????????#; #????????????????? | | ??????????????????#; #????????????????? | | ??????????????????#; @ #????????????????? | | ??????????????????#; #????????????????? | | ??????????????????## #????????????????? | | ???????????????????# #????????????????? | | ???????????????????# ""#????????????????? | | ???????????????????# [ T"#????????????????? | | ???????????????????# ""#????????????????? | | ???????????????????# #????????????????? | | ???????????????????##############????????????????? | | ?????????????????????????????????????????????????? | | ?????????????????????????????????????????????????? | | ?????????????????????????????????????????????????? | | ?????????????????????????????????????????????????? | | ?????????????????????????????????????????????????? | | | | | | | | | | | | | | | | | | | | | | | +----------------------------------------------------+ Best States ------------- Heat Dissipation 40 Energy Generation 14 Energy Capacity 160 Matter Stores 135 Matter Capacity 300 Sight Range 18 Terrain Scan Density 10 Additional Mass Support 9 Core Shielding 20 Utility Shielding 66 Evasion (%) 63 Item Schematics ----------------- None Robot Schematics ------------------ None Fabricated ------------ Nothing Alien Tech Used ----------------- None Achievements -------------- None Challenges ------------ None Game ------ Seed AlertIonicTerminator Manual? 0 Play Time 00:30:20 Cumulative 169.1 hours Start 2024.04.07 @ 19:14:44 End 2024.04.07 @ 19:43:13 Sessions 1 Manual Loads 0 Difficulty Rogue Special Mode None Game No. 144 Rogue 139 Adventurer 0 Explorer 5 Win Type - Total 5 Types 2/0/1/2/0/0/0/0/0 Lore% 52 Gallery% 61 Achievement% 47 Wizard Run 0 Options --------- Layout 1 ASCII 0 Keyboard 0 Movement Numpad Keybinds 0 Fullscreen 2 Font 24/Tamsyn Map View 50x35 Zoom Use 0% Tactical HUD 1 Map Filters NONE Filters NONE Steam 1 RUN: 2dcfc889-dfae-42d2-b9cf-4abe41e2eb77